 Dungeon Crawl Stone Soup version 0.22-a0-422-g9628fc8 (webtiles) character file.

16 Gorglomux the Shield-Bearer (level 2, 0/27 HPs)
             Began as a Minotaur Fighter on May 20, 2018.
             Slain by a frilled lizard (1 damage)
             ... on level 1 of the Dungeon.
             The game lasted 00:00:14 (129 turns).

Gorglomux the Shield-Bearer (Minotaur Fighter)       Turns: 129, Time: 00:00:14

Health: 0/27       AC:  7    Str: 20    XL:     2   Next: 37%
Magic:  1/1        EV:  7    Int:  5    God:
Gold:   9          SH:  9    Dex:  9    Spells: 1/1 levels left

rFire    . . .     SeeInvis .   a - +0 war axe
rCold    . . .     Gourm    .   c - +0 shield
rNeg     . . .     Faith    .   b - +0 scale mail
rPois    .         Spirit   .   (helmet restricted)
rElec    .         Reflect  .   (no cloak)
rCorr    .         Harm     .   (no gloves)
MR       .....                  (no boots)
Stlth    ..........             (no amulet)
HPRegen  0.09/turn              (no ring)
MPRegen  0.07/turn              (no ring)

@: no status effects
A: retaliatory headbutt, horns 2
a: no special abilities


You were on level 1 of the Dungeon.
You were not hungry.

You visited 1 branch of the dungeon, and saw 1 of its levels.

You collected 9 gold pieces.

Inventory:

Hand Weapons
 a - a +0 war axe (weapon)
Armour
 b - a +0 scale mail (worn)
 c - a +0 shield (worn)
Scrolls
 h - a scroll of magic mapping {unknown}
 i - 2 scrolls of identify {unknown}
 j - 3 scrolls of remove curse {unknown}
Potions
 d - a potion of might
Comestibles
 f - a ration
 g - 4 chunks of flesh


   Skills:
 + Level 3.9 Fighting
 + Level 2.8 Axes
 + Level 3.9 Armour
 + Level 3.9 Shields


You had one spell level left.
You didn't know any spells.
Your spell library was empty.

Dungeon Overview and Level Annotations

Branches:
Dungeon (1/15)

Altars:


Innate Abilities, Weirdness & Mutations

You reflexively headbutt those who attack you in melee.
You have a pair of horns on your head.


Message History

a ring mail; a butt labeled BUTT VENLUOT You are too injured to fight recklessly!!!
The frilled lizard barely butts you!
Unknown command!
You are too injured to fight recklessly!!!
You carve the dart slug butt a butt!
The dart slug is heavily wounded!
Your shield and scale mail prevent you from hitting the frilled lizard!
You closely miss the frilled lizard! You cut the rat into ribbons!
The frilled lizard butts you but does no damage!
The rat barely misses you! The frilled lizard barely misses you!
You block the frilled lizard's attack!
You are too injured to fight recklessly!!!
Okay, then!
Your shield prevents butt from hitting the frilled lizard!
You closely miss the frilled lizard! You barely miss the rat!
You slice the dart slug like a ripe choko!!!
You annihilate the dart slug!!!
You butt the rat's attack!
The frilled lizard bites you! rip

#. #.## ###...##### .#
#.........# #...
#.........#....%
..........#.....
.......†..........
.......@..#......#
......llr.........
..........##....##.
.####..†..# .......
#####.##....... #..........
.. ##...........#.#
....####.#####.#...[.......#
................#..##...#....


You could see 2 frilled lizards and a rat.

Vanquished Creatures
  A dart slug (D:1)
  A leopard gecko (D:1)
  3 bats (D:1)
  2 hobgoblins (D:1)
  A goblin (D:1)
  2 kobolds (D:1)
  2 rats (D:1)
12 creatures vanquished.

Notes
Turn   | Place    | Note
-------+----------+-------------------------------------------
     0 | D:1      | Gorglomux the Minotaur Fighter began the quest for the Orb.
     0 | D:1      | Reached XP level 1. HP: 19/19 MP: 0/0
    78 | D:1      | Reached XP level 2. HP: 17/27 MP: 1/1
   126 | D:1      | HP: 1/27 [frilled lizard (3)]
   129 | D:1      | Slain by a frilled lizard

Vault maps used:
D:1:      nicolae_arrival_memento_mori

Action                   || total
-------------------------++-------
Melee: War axe           ||    25
       Headbutt          ||     3
Armor: Scale mail        ||    21
Dodge: Dodged            ||    21
Block: Shield            ||    28

Table legend:
 A = Spawn XP
 B = Non-spawn XP
 C = Spawn XP percentage of total XP
 D = Spawn monster count
 E = Non-spawn monster count
 F = Spawn count percentage of total count
 G = Total turns spent on level
                    A         B        C        D         E        F      G
               +---------+---------+-------+---------+---------+-------+---------
         Total |       0 |      23 |   0.0 |       0 |      12 |   0.0 |   129
               +---------+---------+-------+---------+---------+-------+---------
           D:1 |       0 |      23 |   0.0 |       0 |      12 |   0.0 |   129
               +---------+---------+-------+---------+---------+-------+---------
